 Dungeon Crawl Stone Soup version 0.28.0-53-g5a82cb258f (webtiles) character file.

Game seed: 10070947599669313406

10473 Tirrikindir the Grappler (level 11, -18/107 HPs)
             Began as a Troll Fighter on Aug 8, 2022.
             Was a High Priest of Okawaru.
             Demolished by a two-headed ogre
             ... wielding a +0 giant club
              (28 damage)
             ... on level 10 of the Dungeon.
             The game lasted 00:35:32 (7892 turns).

Tirrikindir the Grappler (Troll Fighter)            Turns: 7892, Time: 00:35:33

Health: -18/107    AC: 11    Str: 26    XL:     11   Next: 36%
Magic:  14/14      EV: 10    Int:  4    God:    Okawaru [*****.]
Gold:   365        SH:  9    Dex: 13    Spells: 10/10 levels left

rFire   . . .      SeeInvis .     - Unarmed
rCold   . . .      Faith    .   b - +0 kite shield
rNeg    . . .      Spirit   .   A - +0 steam dragon scales
rPois   .          Reflect  .   H - +2 hat
rElec   .          Harm     .   h - +1 cloak
rCorr   .          Rampage  .   (gloves unavailable)
Will    ++...                   (boots unavailable)
Stlth   +.........              (no amulet)
HPRegen 1.07/turn               l - ring of willpower
MPRegen 0.14/turn               F - ring of flight

@: flying, invisible
A: large, unfitting armour, claws 3, regeneration 1, shaggy fur 1, tough skin 1,
strong-willed 1
a: Renounce Religion, Heroism, Finesse, Duel


You were on level 10 of the Dungeon.
You worshipped Okawaru.
Okawaru was extremely pleased with you.
You visited 2 branches of the dungeon, and saw 11 of its levels.

You collected 601 gold pieces.
You spent 236 gold pieces at shops.

Inventory:

Hand Weapons
 G - a +3 scimitar of flaming
Missiles
 f - 5 javelins (quivered)
 t - 10 poisoned darts
Armour
 b - a +0 kite shield (worn)
 h - a +1 cloak (worn)
 A - +0 steam dragon scales (worn)
 H - a +2 hat (worn)
Jewellery
 l - a ring of willpower (left claw)
 m - a ring of wizardry
 v - a ring of positive energy
 y - a ring of magical power
 F - a ring of flight (right claw)
Wands
 d - a wand of acid (4)
 i - a wand of flame (27)
 j - a wand of iceblast (13)
 q - a wand of polymorph (6)
 s - a wand of mindburst (4)
Scrolls
 a - a scroll of amnesia
 u - a scroll of fear
 C - 2 scrolls of teleportation
 E - a scroll of silence
Potions
 c - 2 potions of might
 e - 3 potions of curing
 g - 2 potions of brilliance
 k - 2 potions of berserk rage
 n - 3 potions of ambrosia
 p - a potion of flight
 r - a potion of mutation
 x - a potion of invisibility
 z - 2 potions of haste {unknown}
 B - a potion of cancellation {unknown}
 D - 2 potions of magic {unknown}
Miscellaneous
 o - a box of beasts


   Skills:
 + Level 6.8 Fighting
 - Level 3.0 Throwing
 + Level 3.0 Armour
 + Level 5.1 Dodging
 + Level 5.2 Shields
 + Level 10.7 Unarmed Combat
 + Level 5.4 Invocations
 + Level 4.3 Evocations


You had 10 spell levels left.
You didn't know any spells.
Your spell library contained the following spells:

 Spells                   Type           Power      Damage    Failure   Level
 Apportation              Tloc           0%         N/A       77%         1
 Corpse Rot               Necr/Air       0%         N/A       88%         2
 Poisonous Vapours        Pois/Air       0%         N/A       88%         2
 Conjure Flame            Conj/Fire      0%         6-21      98%         3
 Ignite Poison            Fire/Tmut/Pois 0%         N/A       98%         3
 Portal Projectile        Hex/Tloc       0%         N/A       98%         3
 Leda's Liquefaction      Hex/Erth       0%         N/A       100%        4
 Sticky Flame             Conj/Fire      0%         2d3       100%        4
 Animate Skeleton         Necr           Unusable   N/A       N/A         1
 Summon Small Mammal      Summ           Unusable   N/A       N/A         1
 Call Canine Familiar     Summ           Unusable   N/A       N/A         3

Dungeon Overview and Level Annotations

Branches:
Dungeon (10/15)            Temple (1/1) D:6            Lair (0/6) D:10
    Orc: D:9-12

Altars:
Ashenzari
Cheibriados
Dithmenos
Elyvilon
Fedhas
Gozag
Hepliaklqana
Kikubaaqudgha
Makhleb
Nemelex Xobeh
Okawaru
Qazlal
Ru
Sif Muna
Trog
Uskayaw
Vehumet
Wu Jian
Xom
Yredelemnul
Zin
The Shining One

Shops:
D:3 =!*(   D:5 *   D:8 ?

Annotations:
D:4 3 runed translucent doors, JohnEldenRing's ghost, amateur GrBe


Innate Abilities, Weirdness & Mutations

You are too large for most types of armour.
You have claws for hands.
Your natural rate of healing is unusually fast.
You are covered in fur. (AC +1)
You have tough skin. (AC +1)
You are strong-willed. (Will+)


Message History

The javelin pierces through the two-headed ogre!
The two-headed ogre is lightly wounded.
Throw: 6 javelins
Press: ? - help, Q - select action, (/) - cycle Shift-Dir - straight line, f/p - two-headed ogre
Aim: a two-headed ogre, wielding two +0 giant clubs (lightly wounded, 76% to hit)
You throw a javelin.
The javelin pierces through the two-headed ogre.
The two-headed ogre is lightly wounded.
You scratch the two-headed ogre.
The two-headed ogre is moderately wounded.
The two-headed ogre barely misses you. x2
You mangle the two-headed ogre!!
The two-headed ogre is heavily wounded.
You hear a bark!
The two-headed ogre hits you with a +0 giant club!!
The two-headed ogre barely misses you.
You hear a bark! x2
You claw the two-headed ogre!
The two-headed ogre is severely wounded.
The two-headed ogre hits you with a +0 giant club!
You block the two-headed ogre's attack.
You closely miss the two-headed ogre.
The two-headed ogre is severely wounded.
You scratch the two-headed ogre.
The two-headed ogre is severely wounded.
The two-headed ogre hits you with a +0 giant club!
The two-headed ogre hits you with a +0 giant club!!
You barely miss the two-headed ogre.
The two-headed ogre is severely wounded.
The hound bites you.
The two-headed ogre hits you with a +0 giant club!!
* * * LOW HITPOINT WARNING * * *
The two-headed ogre hits you with a +0 giant club!
* * * LOW HITPOINT WARNING * * *
As you read the scroll of fear, it crumbles to dust.
You assume a fearsome visage.
The hound looks frightened!
The two-headed ogre easily resists.
You fade into invisibility!
The two-headed ogre hits you with a +0 giant club!!
You die...

...h..............##....##
.............##.......
.....h...#............
#....#.....##......<..
##...##...###.........
#†.# #............... ##.#
####...###.....#<
##..###.#...######..###
#....O@.....#..# #####.
.........#.........# ##
.........###...#...# #
########## #########


You could see a two-headed ogre.

Vanquished Creatures
  Erica (D:8)
  A centaur warrior (D:10)
  2 death yaks (D:10)
  A two-headed ogre (D:10)
  Maurice (D:8)
  Joseph (D:7)
  2 hornets
  Prince Ribbit (D:6)
  A shadow (D:10)
  2 wraiths (D:10)
  2 wyverns
  A vampire (D:10)
  3 yaks (D:10)
  2 steam dragons
  A human (D:9)
  3 water moccasins
  2 orc warriors
  2 ice beasts
  A black bear (D:7)
  4 sky beasts
  A wolf (D:10)
  2 ogres
  3 kobold brigands
  Blork the orc (D:6)
  2 bullfrogs
  2 scorpions
  3 gnoll sergeants (D:10)
  9 killer bees
  4 wights (D:8)
  A howler monkey (D:7)
  A bullfrog zombie (D:6)
  2 bullfrog skeletons (D:6)
  5 centaur zombies
  Crazy Yiuf (D:2)
  A human zombie (D:9)
  5 orc priests
  4 hounds
  3 gnoll shamans
  9 orc wizards
  A killer bee zombie (D:4)
  A hound zombie (D:5)
  A hound skeleton (D:4)
  20 gnolls
  4 adders
  A shadow imp (D:8)
  A white imp (D:5)
  An ufetubus (D:7)
  2 worms
  5 dart slugs
  20 orcs
  7 endoplasms
  5 giant cockroaches
  9 goblins
  8 hobgoblins
  4 jackals
  20 kobolds
  4 quokkas
  4 ball pythons
  10 bats
  3 frilled lizards
  A kobold zombie (D:9)
  3 rats
228 creatures vanquished.

Vanquished Creatures (others)
  An orc wizard (D:5)
  2 fungi (D:4)
  9 plants
12 creatures vanquished.

Grand Total: 240 creatures vanquished

Notes
Turn   | Place    | Note
-------+----------+-------------------------------------------
     0 | D:1      | Tirrikindir the Troll Fighter began the quest for the Orb.
     0 | D:1      | Reached XP level 1. HP: 22/22 MP: 0/0
   171 | D:1      | Reached XP level 2. HP: 29/29 MP: 1/1
   358 | D:1      | Found a faded altar of an unknown god.
   366 | D:1      | Prayed at the altar of an unknown god.
   366 | D:1      | Became a worshipper of Warmaster Okawaru
   366 | D:1      | Reached * piety under Okawaru
   544 | D:1      | Reached XP level 3. HP: 36/36 MP: 2/2
   919 | D:2      | Found a runed translucent door.
   920 | D:2      | Noticed Crazy Yiuf
   926 | D:2      | Killed Crazy Yiuf
   927 | D:2      | Reached XP level 4. HP: 45/45 MP: 3/3
   998 | D:2      | Reached skill level 3 in Unarmed Combat
  1431 | D:3      | Found Zaetwej's General Store.
  1431 | D:3      | Found Sies's Distillery.
  1435 | D:3      | Bought a potion of berserk rage for 65 gold pieces
  1522 | D:3      | Found Luerphup's Jewellery Shoppe.
  1528 | D:3      | Reached skill level 1 in Invocations
  1758 | D:3      | Identified the +7 dagger "Kocvanoa" {protect, rElec}
  1879 | D:3      | Found Nuisodar's Antique Weapon Emporium.
  1960 | D:3      | Noticed a scorpion
  1969 | D:3      | Killed a scorpion
  1970 | D:3      | Reached XP level 5. HP: 48/53 MP: 4/4
  2530 | D:4      | Reached XP level 6. HP: 61/61 MP: 6/6
  2710 | D:4      | Found a runed translucent gate.
  2710 | D:4      | Noticed JohnEldenRing's ghost (amateur GrBe)
  2712 | D:4      | Found a runed translucent gate.
  2712 | D:4      | Found a runed translucent gate.
  2822 | D:5      | Entered Level 5 of the Dungeon
  2854 | D:5      | Reached ** piety under Okawaru
  2898 | D:5      | Reached skill level 4 in Unarmed Combat
  2932 | D:5      | Found Sagiemaa's Assorted Antiques.
  2939 | D:5      | Bought a scroll labelled BEJUEF ENIWONG for 35 gold pieces
  2939 | D:5      | Bought a fizzy ruby potion for 31 gold pieces
  2939 | D:5      | Bought 2 purple potions for 63 gold pieces
  3173 | D:5      | Noticed a water moccasin
  3185 | D:5      | Killed a water moccasin
  3186 | D:5      | Reached skill level 1 in Evocations
  3186 | D:5      | Reached XP level 7. HP: 37/70 MP: 7/7
  3667 | D:6      | Reached skill level 5 in Unarmed Combat
  3720 | D:6      | Reached *** piety under Okawaru
  3721 | D:6      | Reached XP level 8. HP: 34/79 MP: 8/8
  3790 | D:6      | Found an opulent altar of Gozag.
  3799 | D:6      | Found a staircase to the Ecumenical Temple.
  3816 | Temple   | Entered the Ecumenical Temple
  3953 | D:6      | Found a glowing silver altar of Zin.
  3955 | D:6      | Found a white marble altar of Elyvilon.
  3959 | D:6      | Found a burning altar of Makhleb.
  3959 | D:6      | Found a snail-covered altar of Cheibriados.
  3960 | D:6      | Found a sparkling altar of Nemelex Xobeh.
  4128 | D:6      | Reached skill level 5 in Fighting
  4152 | D:6      | Noticed Blork the orc
  4160 | D:6      | Killed Blork the orc
  4166 | D:6      | Reached skill level 6 in Unarmed Combat
  4395 | D:6      | Noticed Prince Ribbit
  4435 | D:6      | Reached **** piety under Okawaru
  4435 | D:6      | HP: 4/81 [Prince Ribbit (16)]
  4445 | D:6      | Killed Prince Ribbit
  4446 | D:6      | Reached XP level 9. HP: 23/89 MP: 10/10
  4967 | D:7      | Gained mutation: Your spells are a little easier to cast,
                  | but a little less powerful. [potion of mutation]
  4967 | D:7      | Gained mutation: A frigid envelope surrounds you and
                  | freezes all who hurt you. [potion of mutation]
  4967 | D:7      | Gained mutation: Potions are less effective at restoring
                  | your health. [potion of mutation]
  4968 | D:7      | Lost mutation: Potions are less effective at restoring your
                  | health. [potion of mutation]
  4968 | D:7      | Lost mutation: Your spells are a little easier to cast, but
                  | a little less powerful. [potion of mutation]
  4968 | D:7      | Lost mutation: A frigid envelope surrounds you and freezes
                  | all who hurt you. [potion of mutation]
  4968 | D:7      | Gained mutation: You are strong-willed. (Will+) [potion of
                  | mutation]
  5109 | D:7      | Paralysed by a hornet for 2 turns
  5112 | D:7      | Received a gift from Okawaru
  5113 | D:7      | Reached skill level 7 in Unarmed Combat
  5450 | D:7      | Noticed Joseph
  5464 | D:7      | Killed Joseph
  5465 | D:7      | Reached skill level 8 in Unarmed Combat
  5666 | D:7      | Reached ***** piety under Okawaru
  5677 | D:7      | Reached skill level 9 in Unarmed Combat
  6157 | D:8      | Reached skill level 10 in Unarmed Combat
  6219 | D:8      | Noticed Erica
  6220 | D:8      | Reached XP level 10. HP: 71/98 MP: 12/12
  6329 | D:8      | Noticed Maurice
  6345 | D:8      | Killed Maurice
  6359 | D:8      | Found Pophoroc's Magic Scroll Shop.
  6369 | D:8      | Bought a scroll of fear for 42 gold pieces
  6507 | D:8      | Killed Erica
  6507 | D:8      | Received a gift from Okawaru
  6508 | D:8      | Reached skill level 1 in Throwing
  6508 | D:8      | Reached skill level 1 in Armour
  6794 | D:9      | Found a runed translucent door.
  6799 | D:9      | Found a basalt altar of Yredelemnul.
  7284 | D:10     | Entered Level 10 of the Dungeon
  7284 | D:10     | Noticed a two-headed ogre
  7483 | D:10     | Noticed a two-headed ogre
  7490 | D:10     | Killed a two-headed ogre
  7491 | D:10     | Reached skill level 5 in Invocations
  7491 | D:10     | Reached XP level 11. HP: 59/107 MP: 13/13
  7586 | D:10     | Noticed a centaur warrior
  7603 | D:10     | Killed a centaur warrior
  7604 | D:10     | Reached skill level 5 in Shields
  7638 | D:10     | Reached skill level 5 in Dodging
  7720 | D:10     | Noticed a death yak
  7720 | D:10     | Noticed a death yak
  7720 | D:10     | Noticed a death yak
  7720 | D:10     | Noticed a death yak
  7721 | D:10     | Found a staircase to the Lair.
  7721 | D:10     | Noticed a death yak
  7721 | D:10     | Noticed a death yak
  7722 | D:10     | Noticed a death yak
  7743 | D:10     | Killed a death yak
  7751 | D:10     | Killed a death yak
  7886 | D:10     | HP: 4/107 [two-headed ogre/+0 giant club (16)]
  7892 | D:10     | Demolished by a two-headed ogre

Illustrated notes

Levels and vault maps discovered:
D:1:      dpeg_arrival_subterranean_lakeside_camping, layout_loops_ring,
          hellmonk_ecumenical_altar_leap_of_faith
D:2:      layout_rooms, minmay_quantized, uniq_crazy_yiuf_cottage
D:3:      layout_basic, serial_shops, nicolae_shop_waterfront, shop, shop_coins,
          shop
D:4:      layout_basic, gammafunk_ghost_nasty_kobolds
D:5:      layout_basic, serial_shops, shop, serial_bayou_crossing
D:6:      layout_layer_cave, minitemple, lemuel_crystal_altar,
          uniq_blork_the_orc, uniq_prince_ribbit1
D:7:      layout_gridville, uniq_joseph
D:8:      layout_cave_pools, serial_shops, shop, hangedman_decor_diamond_cutter,
          uniq_maurice, uniq_erica
D:9:      layout_cave_pools, dk_yredelemnul_ordeal
D:10:     layout_cave_pools, dpeg_lair_monsters, serial_gnoll_camp,
          grums_kennel, gnoll_camp_mini_basic, gnoll_camp_huts_basic,
          gnoll_camp_mini_hut, st_stairs_1, uniq_grum
Temple:   minmay_freezing_vapour_temple

Skill      XL: |  1  2  3  4  5  6  7  8  9 10 11 |
---------------+----------------------------------+-----
Fighting       | 3 4 5 6 |  6.8
Unarmed Combat | 3 4 5 6 10 | 10.7
Invocations    | 1 2 3 4 5 |  5.4
Dodging        | 3 4 5 |  5.1
Shields        | 3 4 5 |  5.2
Evocations     | 1 2 3 4 |  4.3
Throwing       | 2 3 |  3.0
Armour         | 2 3 |  3.0

Action                   |  1- 3 |  4- 6 |  7- 9 | 10-12 || total
-------------------------+-------+-------+-------+-------++-------
Melee: Unarmed           |    94 |   171 |   305 |   234 ||   804
Throw: Javelin           |       |       |     2 |     8 ||    10
Invok: Heroism           |       |       |     1 |       ||     1
Evoke: Wand              |       |       |       |     2 ||     2
  Use: Scroll            |     2 |     9 |     4 |     6 ||    21
       Potion            |       |     2 |     4 |     3 ||     9
 Stab: Sleeping          |       |     1 |     1 |     1 ||     3
Armor: Robe              |    30 |    46 |   110 |       ||   186
       Steam dragon scal |       |       |       |    90 ||    90
Dodge: Dodged            |    26 |    59 |   144 |   105 ||   334
Block: Kite shield       |    32 |    63 |   172 |   118 ||   385
